APP
CHICAGO (APP) CUBS @ KINGSPORT METS
06/01/2045
 
TOP OF THE 1ST
Chicago (APP) Cubs batting - Pitching for Kingsport Mets : RHP Matt Bennett
Pitching: RHP Matt Bennett
Batting: RHB Randy Schmitt 0-0: Swinging Strike
0-1: Ground out 5-3 (Groundball, 56, EV 79.4 MPH)
Batting: RHB Jose Sanchez 0-0: Called Strike
0-1: Ground out 5-3 (Groundball, 56, EV 87.5 MPH)
Batting: RHB Julio Arteaga 0-0: Ball
1-0: Called Strike
1-1: Called Strike
1-2: Strikes out swinging
Top of the 1st over - 0 runs, 0 hits, 0 errors, 0 left on base; Chicago (APP) 0 - Kingsport 0
BOTTOM OF THE 1ST
Kingsport Mets batting - Pitching for Chicago (APP) Cubs : RHP Dustin Buckner
Pitching: RHP Dustin Buckner
Batting: SHB Jason Larson 0-0: TRIPLE (Flyball, 8LXD, EV 98.8 MPH)
Batting: LHB Jeremy Moorehead 0-0: Fly out, F7 (Line Drive, 7D, EV 90.6 MPH)
Runner from 3rd tags up, SCORES, no throw by LF
Batting: SHB Justin Wallace 0-0: Ground out U3 (Groundball, 3L, EV 88.1 MPH)
Batting: RHB Bobby Coulombe 0-0: Foul Ball, location: 2F
0-1: Ball
1-1: Swinging Strike
1-2: Strikes out swinging
Bottom of the 1st over - 1 run, 1 hit, 0 errors, 0 left on base; Chicago (APP) 0 - Kingsport 1
TOP OF THE 2ND
Chicago (APP) Cubs batting - Pitching for Kingsport Mets : RHP Matt Bennett
Batting: RHB Eddy Marcos 0-0: Called Strike
0-1: Called Strike
0-2: Ball
1-2: Fly out, F9 (Flyball, 9S, EV 92.5 MPH)
Batting: RHB Jake Newman 0-0: Foul Ball, location: 2F
0-1: Called Strike
0-2: Ball
1-2: Foul Ball, location: 2F
1-2: Ball
2-2: Strikes out looking
Batting: RHB Carlos Zavala 0-0: Swinging Strike
0-1: Swinging Strike
0-2: Strikes out swinging
Top of the 2nd over - 0 runs, 0 hits, 0 errors, 0 left on base; Chicago (APP) 0 - Kingsport 1
BOTTOM OF THE 2ND
Kingsport Mets batting - Pitching for Chicago (APP) Cubs : RHP Dustin Buckner
Batting: SHB Callum Lynch 0-0: Called Strike
0-1: Ground out 4-3 (Groundball, 34, EV 95.0 MPH)
Batting: RHB Frank Shaw 0-0: Ball
1-0: Ball
2-0: Ball
3-0: Base on Balls
Batting: SHB Jason Caruso 0-0: Ball
1-0: Ball
2-0: Called Strike
2-1: Ball
3-1: Base on Balls
Frank Shaw to second
Batting: SHB Nick Daigle 0-0: Ball
1-0: Ball
2-0: Grounds out, U3 (Groundball, 3L, EV 105.0 MPH)
Frank Shaw to third
Batting: RHB Jack Nickleberry 0-0: Ball
Wild Pitch!
Frank Shaw scores
Jason Caruso to third
1-0: Ball
2-0: Ball
3-0: Called Strike
3-1: Base on Balls
Batting: SHB Jason Larson 0-0: Called Strike
0-1: Ball
Wild Pitch!
Jason Caruso scores
Jack Nickleberry to second
1-1: Foul Ball, location: 2F
1-2: Foul Ball, location: 2F
1-2: Ball
Wild Pitch!
Jack Nickleberry to third
2-2: Strikes out swinging
Bottom of the 2nd over - 2 runs, 0 hits, 0 errors, 1 left on base; Chicago (APP) 0 - Kingsport 3
TOP OF THE 3RD
Chicago (APP) Cubs batting - Pitching for Kingsport Mets : RHP Matt Bennett
Batting: RHB Josh MacQueen 0-0: Foul Ball, location: 2F
0-1: Ground out 6-3 (Groundball, 6, EV 85.0 MPH)
Batting: SHB Anastagio Fasola 0-0: SINGLE (Flyball, 4D, EV 93.1 MPH)
Batting: LHB Ryan Masterson 0-0: Bunted foul
0-1: Sac Bunt to P - play at first, batter OUT! 1-4
Anastagio Fasola to second
Batting: RHB Randy Schmitt 0-0: Called Strike
0-1: Ball
Wild Pitch!
Anastagio Fasola to third
1-1: Ball
Passed Ball!
Anastagio Fasola scores
2-1: Foul Ball, location: 2F
2-2: Ground out 5-3 (Groundball, 5S, EV 67.5 MPH)
Top of the 3rd over - 1 run, 1 hit, 0 errors, 0 left on base; Chicago (APP) 1 - Kingsport 3
BOTTOM OF THE 3RD
Kingsport Mets batting - Pitching for Chicago (APP) Cubs : RHP Dustin Buckner
Batting: LHB Jeremy Moorehead 0-0: Ball
1-0: Ball
2-0: Ball
3-0: Called Strike
3-1: Base on Balls
Batting: SHB Justin Wallace 0-0: Ball
1-0: Called Strike
1-1: Ball
2-1: Foul Ball, location: 2F
2-2: Foul Ball, location: 2F
2-2: Grounds out, U3 (Groundball, 3L, EV 92.5 MPH)
Batting: RHB Bobby Coulombe 0-0: Swinging Strike
0-1: Ball
1-1: Called Strike
1-2: Fly out, F9 (Flyball, 9S, EV 70.0 MPH)
Batting: SHB Callum Lynch 0-0: Ball
1-0: Ball
2-0: Ball
3-0: Base on Balls
Batting: RHB Frank Shaw 0-0: Ball
1-0: Ball
2-0: Ball
3-0: Called Strike
3-1: Swinging Strike
3-2: Ground out 6-3 (Groundball, 6, EV 88.1 MPH)
Bottom of the 3rd over - 0 runs, 0 hits, 0 errors, 2 left on base; Chicago (APP) 1 - Kingsport 3
TOP OF THE 4TH
Chicago (APP) Cubs batting - Pitching for Kingsport Mets : RHP Matt Bennett
Batting: RHB Jose Sanchez 0-0: Ball
1-0: Ball
2-0: SINGLE (Groundball, 4MD, EV 107.5 MPH)
Batting: RHB Julio Arteaga 0-0: Ball
1-0: Ball
2-0: Fielders Choice at 2nd, 4-6 (Groundball, 4, EV 100.6 MPH)
Batting: RHB Eddy Marcos 0-0: Called Strike
0-1: Foul Ball, location: 2F
0-2: Ball
1-2: Ball
2-2: Ball
3-2: Strikes out swinging
Batting: RHB Jake Newman 0-0: Called Strike
0-1: Ball
1-1: Foul Ball, location: 2F
1-2: Foul Ball, location: 2F
1-2: Strikes out swinging
Top of the 4th over - 0 runs, 1 hit, 0 errors, 1 left on base; Chicago (APP) 1 - Kingsport 3
BOTTOM OF THE 4TH
Kingsport Mets batting - Pitching for Chicago (APP) Cubs : RHP Dustin Buckner
Batting: SHB Jason Caruso 0-0: DOUBLE (Groundball, 5L, EV 106.9 MPH)
Batting: SHB Nick Daigle 0-0: Ball
1-0: Ball
2-0: Called Strike
2-1: TRIPLE (Line Drive, 9LD, EV 108.1 MPH)
Jason Caruso scores
Batting: RHB Jack Nickleberry 0-0: Called Strike
0-1: Ball
1-1: Ball
2-1: Foul Ball, location: 2F
2-2: Strikes out swinging
Batting: SHB Jason Larson 0-0: Fly out, F7 (Line Drive, 7, EV 93.1 MPH)
Runner from 3rd tags up, SCORES, no throw by LF
Batting: LHB Jeremy Moorehead 0-0: Ball
1-0: Ball
2-0: Ball
3-0: Called Strike
3-1: Base on Balls
Batting: SHB Justin Wallace 0-0: Ball
Jeremy Moorehead steals 2nd base
1-0: Called Strike
1-1: Hit by Pitch
Pitching: RHP Dwight Bean
Batting: RHB Bobby Coulombe 0-0: Ball
1-0: Fly out, F9 (Flyball, 9D, EV 102.5 MPH)
Bottom of the 4th over - 2 runs, 2 hits, 0 errors, 2 left on base; Chicago (APP) 1 - Kingsport 5
TOP OF THE 5TH
Chicago (APP) Cubs batting - Pitching for Kingsport Mets : RHP Matt Bennett
Batting: RHB Carlos Zavala 0-0: Ball
1-0: Ball
2-0: Foul Ball, location: 2F
2-1: Ball
3-1: Foul Ball, location: 2F
3-2: Base on Balls
Batting: RHB Josh MacQueen 0-0: Swinging Strike
0-1: Ball
1-1: Ball
2-1: Ball
3-1: Foul Ball, location: 2F
3-2: Strikes out swinging
Batting: SHB Anastagio Fasola 0-0: Called Strike
0-1: Called Strike
0-2: Strikes out swinging
Batting: LHB Ryan Masterson 0-0: Foul Ball, location: 2F
0-1: Ball
1-1: Ball
2-1: Called Strike
2-2: Ball
3-2: Foul Ball, location: 2F
3-2: Base on Balls
Carlos Zavala to second
Batting: RHB Randy Schmitt 0-0: Foul Ball, location: 2F
0-1: Ball
1-1: Fielders Choice at 2nd, 6-4 (Groundball, 6, EV 94.4 MPH)
Top of the 5th over - 0 runs, 0 hits, 0 errors, 2 left on base; Chicago (APP) 1 - Kingsport 5
BOTTOM OF THE 5TH
Kingsport Mets batting - Pitching for Chicago (APP) Cubs : RHP Dwight Bean
Batting: SHB Callum Lynch 0-0: Swinging Strike
0-1: Ball
1-1: Ball
2-1: Ball
3-1: Fly out, F3 (Line Drive, 3, EV 68.1 MPH)
Batting: RHB Frank Shaw 0-0: Called Strike
0-1: Ball
1-1: Ball
2-1: Ball
3-1: Called Strike
3-2: Base on Balls
Batting: SHB Jason Caruso 0-0: Fielders Choice at 2nd, 5-4 (Groundball, 5, EV 77.5 MPH)
Batting: SHB Nick Daigle 0-0: Ball
1-0: Foul Ball, location: 2F
1-1: Ball
2-1: Ball
3-1: Called Strike
3-2: Strikes out swinging
Bottom of the 5th over - 0 runs, 0 hits, 0 errors, 1 left on base; Chicago (APP) 1 - Kingsport 5
TOP OF THE 6TH
Chicago (APP) Cubs batting - Pitching for Kingsport Mets : RHP Matt Bennett
Batting: RHB Jose Sanchez 0-0: Swinging Strike
0-1: Ball
1-1: Foul Ball, location: 2F
1-2: Ball
2-2: Ball
3-2: Foul Ball, location: 2F
3-2: Foul Ball, location: 2F
3-2: Base on Balls
Batting: RHB Julio Arteaga 0-0: Called Strike
0-1: Called Strike
0-2: Strikes out swinging
Batting: RHB Eddy Marcos 0-0: Grounds into double play, 6-4-3 (Groundball, 6, EV 91.2 MPH)
Top of the 6th over - 0 runs, 0 hits, 0 errors, 0 left on base; Chicago (APP) 1 - Kingsport 5
BOTTOM OF THE 6TH
Kingsport Mets batting - Pitching for Chicago (APP) Cubs : RHP Dwight Bean
Pitching: RHP Rob Craft
Batting: RHB Jack Nickleberry 0-0: Ground out 1-3 (Groundball, 25, EV 61.9 MPH)
Batting: SHB Jason Larson 0-0: Ball
1-0: Ball
2-0: Called Strike
2-1: Foul Ball, location: 2F
2-2: Fly out, F8 (Flyball, 8LD, EV 95.0 MPH)
Batting: LHB Jeremy Moorehead 0-0: Ball
1-0: Ball
2-0: Foul Ball, location: 2F
2-1: Called Strike
2-2: Foul Ball, location: 2F
2-2: Ball
3-2: Foul Ball, location: 2F
3-2: Base on Balls
Batting: SHB Justin Wallace 0-0: Ball
1-0: Swinging Strike
1-1: Ball
2-1: Called Strike
2-2: Foul Ball, location: 2F
2-2: 2-RUN HOME RUN (Flyball, 9D, EV 95.0 MPH), Distance : 378 ft
Pitching: LHP Eddie Panagos
Batting: RHB Bobby Coulombe 0-0: Ball
1-0: SINGLE (Groundball, 4M, EV 106.9 MPH) (infield hit)
Batting: SHB Callum Lynch 0-0: Called Strike
0-1: Ball
1-1: 2-RUN HOME RUN (Flyball, 89XD, EV 103.8 MPH), Distance : 415 ft
Batting: RHB Frank Shaw 0-0: Ball
1-0: Ground out 1-3 (Groundball, 13S, EV 67.5 MPH)
Bottom of the 6th over - 4 runs, 3 hits, 0 errors, 0 left on base; Chicago (APP) 1 - Kingsport 9
TOP OF THE 7TH
Chicago (APP) Cubs batting - Pitching for Kingsport Mets : RHP Matt Bennett
Batting: RHB Jake Newman 0-0: Called Strike
0-1: Foul Ball, location: 2F
0-2: Strikes out swinging
Batting: RHB Carlos Zavala 0-0: Ball
1-0: Called Strike
1-1: Ball
2-1: Called Strike
2-2: Strikes out swinging
Batting: RHB Josh MacQueen 0-0: Fly out, F8 (Flyball, 8LD, EV 76.9 MPH)
Top of the 7th over - 0 runs, 0 hits, 0 errors, 0 left on base; Chicago (APP) 1 - Kingsport 9
BOTTOM OF THE 7TH
Kingsport Mets batting - Pitching for Chicago (APP) Cubs : LHP Eddie Panagos
Batting: SHB Jason Caruso 0-0: Called Strike
0-1: Foul Ball, location: 2F
0-2: Ball
1-2: Strikes out swinging
Batting: SHB Nick Daigle 0-0: Called Strike
0-1: Ball
1-1: Ball
2-1: Foul Ball, location: 2F
2-2: Fly out, F5 (Popup, 25, EV 96.9 MPH)
Batting: RHB Jack Nickleberry 0-0: Called Strike
0-1: Ball
1-1: Swinging Strike
1-2: Ball
2-2: Ball
3-2: Reached via error on a dropped throw from C, E3 (Groundball, 15S, EV 66.2 MPH)
Batting: SHB Jason Larson 0-0: Ball
1-0: Foul Ball, location: 2F
1-1: SINGLE (Groundball, 56D, EV 105.0 MPH)
Jack Nickleberry to second
Batting: LHB Jeremy Moorehead 0-0: Called Strike
0-1: Ball
1-1: Ball
2-1: Foul Ball, location: 2F
2-2: SINGLE (Groundball, 25, EV 70.6 MPH) (infield hit)
Jack Nickleberry to third
Jason Larson to second
Batting: SHB Justin Wallace 0-0: Foul Ball, location: 2F
0-1: Called Strike
0-2: Strikes out looking
Bottom of the 7th over - 0 runs, 2 hits, 1 error, 3 left on base; Chicago (APP) 1 - Kingsport 9
TOP OF THE 8TH
Chicago (APP) Cubs batting - Pitching for Kingsport Mets : RHP Matt Bennett
Batting: SHB Anastagio Fasola 0-0: Called Strike
0-1: Called Strike
0-2: Strikes out swinging
Batting: LHB Ryan Masterson 0-0: Ball
1-0: Called Strike
1-1: Foul Ball, location: 2F
1-2: Foul Ball, location: 2F
1-2: Ball
2-2: Ball
3-2: Base on Balls
Batting: RHB Randy Schmitt 0-0: Ball
1-0: Foul Ball, location: 2F
1-1: SINGLE (Flyball, 8LS, EV 91.9 MPH)
Ryan Masterson to second
Pitching: RHP Rob Fennell
Batting: RHB Jose Sanchez 0-0: Called Strike
0-1: Hit by Pitch
Ryan Masterson to third
Randy Schmitt to second
Batting: RHB Julio Arteaga 0-0: Grounds into double play, 3-6-3 (Groundball, 34, EV 85.6 MPH)
Top of the 8th over - 0 runs, 1 hit, 0 errors, 2 left on base; Chicago (APP) 1 - Kingsport 9
BOTTOM OF THE 8TH
Kingsport Mets batting - Pitching for Chicago (APP) Cubs : LHP Eddie Panagos
Batting: RHB Bobby Coulombe 0-0: Called Strike
0-1: Ball
1-1: Ball
2-1: Called Strike
2-2: Fly out, F8 (Flyball, 8RD, EV 90.0 MPH)
Batting: SHB Callum Lynch 0-0: DOUBLE (Groundball, 5L, EV 94.4 MPH)
Batting: RHB Frank Shaw 0-0: Ball
1-0: Called Strike
1-1: Swinging Strike
1-2: Strikes out swinging
Batting: SHB Jason Caruso 0-0: SINGLE (Line Drive, 56, EV 97.5 MPH)
Callum Lynch to third
Batting: SHB Nick Daigle 0-0: Called Strike
0-1: Ball
1-1: Ball
2-1: SINGLE (Groundball, 5S, EV 65.0 MPH) (infield hit)
Callum Lynch scores
Jason Caruso to second
Batting: RHB Jack Nickleberry 0-0: Called Strike
0-1: Foul Ball, location: 2F
0-2: Foul Ball, location: 2F
0-2: Ball
1-2: Ball
2-2: Foul Ball, location: 2F
2-2: SINGLE (Groundball, 34S, EV 67.5 MPH) (infield hit)
Jason Caruso to third
Nick Daigle to second
Batting: SHB Jason Larson 0-0: Ball
1-0: TRIPLE (Flyball, 7D, EV 106.2 MPH)
Jason Caruso scores
Nick Daigle scores
Jack Nickleberry scores
Batting: LHB Jeremy Moorehead 0-0: Ball
Wild Pitch!
Jason Larson scores
1-0: SINGLE (Line Drive, 7LS, EV 90.0 MPH)
Batting: SHB Justin Wallace 0-0: Ball
1-0: Ball
Passed Ball!
Jeremy Moorehead to second
2-0: Ball
3-0: Base on Balls
Batting: RHB Bobby Coulombe 0-0: Ball
1-0: Ball
2-0: Foul Ball, location: 2F
2-1: Called Strike
2-2: Ball
3-2: Base on Balls
Jeremy Moorehead to third
Justin Wallace to second
Batting: SHB Callum Lynch 0-0: Ball
1-0: Called Strike
1-1: Foul Ball, location: 2F
1-2: Strikes out swinging
Bottom of the 8th over - 5 runs, 6 hits, 0 errors, 3 left on base; Chicago (APP) 1 - Kingsport 14
TOP OF THE 9TH
Chicago (APP) Cubs batting - Pitching for Kingsport Mets : RHP Rob Fennell
Batting: RHB Eddy Marcos 0-0: Ground out 6-3 (Groundball, 56, EV 98.1 MPH)
Batting: RHB Jake Newman 0-0: Ball
1-0: Ball
2-0: Called Strike
2-1: Called Strike
2-2: SINGLE (Groundball, 4MD, EV 109.4 MPH)
Batting: RHB Carlos Zavala 0-0: Called Strike
0-1: Ball
1-1: Ball
2-1: Swinging Strike
2-2: Foul Ball, location: 2F
2-2: Strikes out swinging
Batting: RHB Josh MacQueen 0-0: Ball
Wild Pitch!
Jake Newman to second
1-0: Called Strike
1-1: Foul Ball, location: 2F
1-2: Ball
2-2: Strikes out looking
Top of the 9th over - 0 runs, 1 hit, 0 errors, 1 left on base; Chicago (APP) 1 - Kingsport 14
Wednesday, June 22nd , 2022 - OOTP Baseball 23.4 Build 64